AoeStats
← mayisupreme

Arabia

508433544Analyzed
1v1 RM · 8d ago on Sep 22, 2026· 64m 5s· 2 players
Game mode
Random Map
Map size
Tiny (2 player)
Population
200
Speed
Normal
Resources
Standard
Victory
Conquest
Starting age
Dark Age
Ending age
Imperial Age
RankedLock teamsTeams togetherTeam positionsShared explorationLock speedFull tech treeHidden civsTurbo modeCheats
Victory
Defeat
🇺🇸 Franks · United States
847
+16
🇹🇼 Sicilians · Taiwan
847
-16
mayisupreme
0:40 Loom
10:02 Feudal Age
12:43 Double-Bit Axe
21:23 Castle Age
20:12 Fletching
21:36 Scale Mail Armor
21:54 Gambesons
24:29 Squires
24:26 Bodkin Arrow
28:08 Fervor
28:10 Pikeman
31:04 Horse Collar
38:26 Wheelbarrow
39:06 Murder Holes
40:33 Husbandry
41:04 Heavy Plow
41:34 Husbandry
41:48 Bloodlines
41:47 Scale Barding Armor
46:59 Imperial Age
44:34 Husbandry
45:31 Chain Mail Armor
46:15 Chain Barding Armor
47:08 Cavalier
48:30 Plate Barding Armor
48:22 Conscription
48:25 Gold Mining
49:47 Gold Shaft Mining
52:06 Guilds
55:03 Hauberk
58:02 Forging
onecctwo
7:47 Loom
10:59 Feudal Age
11:49 Double-Bit Axe
15:27 Fletching
16:11 Gold Mining
17:06 Padded Archer Armor
25:11 Castle Age
26:12 Crossbowman
27:52 Bodkin Arrow
28:32 Scale Barding Armor
29:34 Ballistics
32:05 Bow Saw
34:11 Gold Shaft Mining
34:30 Forging
34:42 Chain Barding Armor
38:51 Arson
43:38 Imperial Age
41:36 Scale Mail Armor
42:12 Iron Casting
43:05 Wheelbarrow
43:44 Chain Mail Armor
44:45 Conscription
45:06 Hand Cart
45:33 Conscription
45:56 Elite Throwing Axeman
47:10 Plate Mail Armor
52:10 Cavalier
52:51 Husbandry
53:29 Plate Barding Armor
53:55 Blast Furnace
53:24 Paladin
63:57 Spies/Treason
Connection lost

Rejoining the realm…

Still unreachable

The connection could not be restored.

Session expired

The server has moved on; the page needs a fresh start.